 Dungeon Crawl Stone Soup version 0.29-a0-88-g03a7b78be7 (webtiles) character file.

Game seed: 15822756097839663819

3107 timneilson the Shield-Bearer (level 9, -11/55 HPs)
             Began as a Gargoyle Fighter on Feb 5, 2022.
             Was a Believer of Okawaru.
             Killed from afar by Maggie (33 damage)
             ... with a bolt of fire
             ... on level 6 of the Dungeon.
             The game lasted 00:15:40 (8336 turns).

timneilson the Shield-Bearer (Gargoyle Fighter)     Turns: 8336, Time: 00:15:41

Health: -11/55     AC: 28    Str: 25    XL:     9   Next: 90%
Magic:  10/11      EV: 11    Int:  8    God:    Okawaru [**....]
Gold:   176        SH: 12    Dex:  9    Spells: 8/8 levels left

rFire   . . .      SeeInvis +   t - +0 long sword (protect)
rCold   . . .      Faith    .   e - +1 kite shield
rNeg    + + .      Spirit   .   v - +2 scale mail {rPois}
rPois   ∞          Reflect  .   (no helmet)
rElec   +          Harm     .   s - +0 cloak
rCorr   .          Rampage  .   d - +0 pair of gloves
Will    .....                   (no boots)
Stlth   +.........              (no amulet)
HPRegen 0.18/turn               l - ring of positive energy
MPRegen 0.12/turn               p - ring of see invisible

@: heroic, under a protective aura, mesmerised
A: sickness immunity, AC +6, negative energy resistance 1, electricity
resistance, torment resistance 1, petrification resistance
a: Renounce Religion, Heroism


You were on level 6 of the Dungeon.
You worshipped Okawaru.
Okawaru was pleased with you.
You visited 2 branches of the dungeon, and saw 7 of its levels.
You also visited: Sewer.

You collected 176 gold pieces.

Inventory:

Hand Weapons
 a - a +0 long sword
 t - a +0 long sword of protection (weapon)
Armour
 c - a +0 plate armour
 d - a +0 pair of gloves (worn)
 e - a +1 kite shield (worn)
 s - a +0 cloak (worn)
 v - a +2 scale mail of poison resistance (worn)
 z - a scarf of resistance
Jewellery
 l - a ring of positive energy (left hand)
 p - a ring of see invisible (right hand)
Wands
 m - a wand of iceblast (12)
 n - a wand of paralysis (6)
 u - a wand of acid (1)
 y - a wand of flame (14)
Scrolls
 b - 2 scrolls of enchant armour
 k - 3 scrolls of fear
 r - 4 scrolls of teleportation
 w - 2 scrolls of identify
 x - a scroll of holy word {unknown}
 A - a scroll of enchant weapon {unknown}
Potions
 f - a potion of might
 g - 2 potions of curing
 h - a potion of resistance
 i - 2 potions of lignification
 j - 2 potions of mutation
 o - a potion of heal wounds
 q - a potion of attraction
 B - a potion of magic {unknown}


   Skills:
 + Level 5.8(10.8) Fighting
 * Level 6.0(11.0) Long Blades
 * Level 7.7(12.7) Armour
 + Level 3.4(8.4) Dodging
 * Level 7.8(12.8) Shields
 + Level 2.9 Invocations
 + Level 2.9 Evocations


You had 8 spell levels left.
You didn't know any spells.
Your spell library contained the following spells:

 Spells                   Type           Power      Damage    Failure   Level
 Apportation              Tloc           0%         N/A       86%         1
 Pain                     Necr           0%         1d4       86%         1
 Blink                    Tloc           0%         N/A       94%         2
 Vampiric Draining        Necr           0%         2d6       99%         3
 Anguish                  Hex/Necr       0%         N/A       100%        4
 Alistair's Intoxication  Tmut/Pois      0%         N/A       100%        5
 Manifold Assault         Tloc           0%         N/A       100%        5
 Enfeeble                 Hex            0%         N/A       100%        7
 Storm Form               Tmut/Air       0%         N/A       100%        7
 Animate Skeleton         Necr           Unusable   N/A       N/A         1
 Tukima's Dance           Hex            Unusable   N/A       N/A         3

Dungeon Overview and Level Annotations

Branches:
Dungeon (6/15)             Temple (1/1) D:5           Sewer (visited)

Altars:
Ashenzari
Dithmenos
Elyvilon
Fedhas
Gozag
Hepliaklqana
Kikubaaqudgha
Makhleb
Nemelex Xobeh
Okawaru
Qazlal
Ru
Sif Muna
Trog
Uskayaw
Vehumet
Wu Jian
Xom
Yredelemnul
Zin
The Shining One

Shops:
D:3 =?*=:

Annotations:
D:6 Maggie


Innate Abilities, Weirdness & Mutations

You are immune to sickness and miasma.
Your stone body is resilient. (AC +6)
You are immune to poison.
You resist negative energy. (rN+)
You are resistant to electric shocks. (rElec)
You are resistant to unholy torment.
You are immune to petrification.


Message History

Maggie attempts to bespell you! You resist with some effort.
You slash Maggie!
Maggie is heavily wounded.
You block Maggie's attack.
You hit Maggie but do no damage.
Maggie is heavily wounded.
Maggie hits you but does no damage.
You closely miss Maggie.
Maggie is heavily wounded.
Maggie hits you but does no damage.
You hit Maggie but do no damage.
Maggie is heavily wounded.
Maggie hits you with a +0 broad axe!
You hit Maggie.
Maggie is heavily wounded.
You block Maggie's attack.
You barely miss Maggie.
Maggie is heavily wounded.
Maggie casts a spell.
Maggie attempts to bespell you!
You are mesmerised by Maggie!
You barely miss Maggie.
Maggie is heavily wounded.
Maggie hits you with a +0 broad axe.
You slash Maggie!
Maggie is severely wounded.
Maggie mumbles the words to a spell, but in the wrong order.
Maggie hits you with a +0 broad axe!
You hit Maggie.
Maggie is almost dead.
Maggie barely misses you.
You hit Maggie.
Maggie is almost dead.
Maggie misses you.
You closely miss Maggie.
Maggie is almost dead.
Maggie gestures at you while chanting. The bolt of fire hits you!!
Ouch! That really hurt!
You die...

#......# #...... #......
+...... #.....
####+#####...
...........#####
.......>...#...#
......@@...'...#
...........#...#
...........#...#
#########...........#...#
........#.<....######...#
........#......#...##>..#
........#?.....#...##...#
...##...#......#........#
...##...# ######...#


You could see Maggie (mesmerising).

Vanquished Creatures
  Grinder (D:3)
  Sigmund (D:2)
  5 yaks (D:5)
  Eustachio (D:6)
  A water moccasin (D:5)
  2 black bears
  An ice beast (D:5)
  A centaur (D:6)
  An ogre (D:6)
  A phantom (D:6)
  Blork the orc (D:6)
  A kobold brigand (D:6)
  3 scorpions
  A gnoll sergeant (D:5)
  A centaur zombie (D:5)
  A centaur skeleton (D:5)
  4 orc priests
  Crazy Yiuf (D:3)
  Jessica (D:3)
  4 iguanas
  Ijyb (D:4)
  5 orc wizards (D:6)
  Natasha (thrice) (D:2)
  A killer bee zombie (D:5)
  A hound zombie (D:5)
  7 gnolls
  3 river rats
  10 adders
  An ufetubus (D:5)
  3 adder skeletons (D:4)
  2 dart slugs
  12 orcs
  15 ball pythons
  11 endoplasms
  2 giant cockroaches (D:3)
  4 goblins
  6 hobgoblins
  3 jackals (D:1)
  3 quokkas
  5 bats
  8 frilled lizards
  19 kobolds
  A quokka skeleton (D:4)
  19 rats
178 creatures vanquished.

Notes
Turn   | Place    | Note
-------+----------+-------------------------------------------
     0 | D:1      | timneilson the Gargoyle Fighter began the quest for the
                  | Orb.
     0 | D:1      | Reached XP level 1. HP: 14/14 MP: 1/1
   402 | D:1      | Reached XP level 2. HP: 19/19 MP: 2/2
   832 | D:1      | Reached XP level 3. HP: 21/23 MP: 3/3
  1066 | D:1      | Found a faded altar of an unknown god.
  1307 | D:2      | Noticed Sigmund
  1315 | D:2      | Killed Sigmund
  1316 | D:2      | Reached skill level 1 in Dodging
  1316 | D:2      | Reached XP level 4. HP: 11/29 MP: 4/4
  1316 | D:2      | Reached XP level 5. HP: 12/33 MP: 5/5
  1537 | D:2      | Noticed Natasha
  1543 | D:2      | Killed Natasha
  1544 | D:2      | Reached XP level 6. HP: 37/38 MP: 6/6
  1755 | D:2      | Noticed Natasha
  1758 | D:2      | Killed Natasha
  1778 | D:2      | Noticed Natasha
  1791 | D:2      | Killed Natasha
  2130 | D:3      | Found a runed translucent door.
  2131 | D:3      | Noticed Crazy Yiuf
  2211 | D:3      | Found a glowing drain.
  2226 | Sewer    | Entered a sewer
  2623 | Sewer    | Reached skill level 5 in Shields
  2782 | D:3      | Found Oblakh's General Store.
  2787 | D:3      | Noticed Jessica
  2824 | D:3      | Killed Jessica
  2825 | D:3      | Reached skill level 5 in Armour
  3073 | D:3      | Found Orar's Book Boutique.
  3168 | D:3      | Found Peugezxe's Jewellery Shoppe.
  3217 | D:3      | Noticed Grinder
  3252 | D:3      | Killed Grinder
  3253 | D:3      | Reached XP level 7. HP: 28/44 MP: 7/7
  3432 | D:3      | You fall into a shaft and drop 1 floor!
  3432 | D:4      | Found a shimmering blue altar of Sif Muna.
  3473 | D:4      | Noticed Ijyb
  3482 | D:4      | Killed Ijyb
  4586 | D:3      | Found Yja Poed's Magic Scroll Boutique.
  4631 | D:3      | Found Naobuwug's Jewellery Shoppe.
  4899 | D:3      | Killed Crazy Yiuf
  5057 | D:5      | Entered Level 5 of the Dungeon
  5078 | D:4      | Reached XP level 8. HP: 31/48 MP: 8/8
  5527 | D:5      | Found a staircase to the Ecumenical Temple.
  5544 | D:5      | Reached skill level 1 in Evocations
  5574 | Temple   | Entered the Ecumenical Temple
  5749 | Temple   | Became a worshipper of Warmaster Okawaru
  5997 | D:5      | Noticed a yak
  5997 | D:5      | Noticed a yak
  5998 | D:5      | Noticed a yak
  5998 | D:5      | Noticed a yak
  5998 | D:5      | Noticed a yak
  6003 | D:5      | Killed a yak
  6003 | D:5      | Killed a yak
  6004 | D:5      | Reached skill level 5 in Fighting
  6004 | D:5      | Reached skill level 5 in Long Blades
  6004 | D:5      | Reached skill level 1 in Invocations
  6004 | D:5      | Killed a yak
  6005 | D:5      | Reached XP level 9. HP: 48/54 MP: 8/10
  6005 | D:5      | Reached * piety under Okawaru
  7366 | D:6      | Found a glowing silver altar of Zin.
  7387 | D:6      | Found a white marble altar of Elyvilon.
  7587 | D:6      | Noticed Blork the orc
  7596 | D:6      | Killed Blork the orc
  8030 | D:6      | Noticed Eustachio
  8052 | D:6      | Killed Eustachio
  8052 | D:6      | Reached ** piety under Okawaru
  8314 | D:6      | Noticed Maggie
  8336 | D:6      | Killed from afar by Maggie

Illustrated notes

Levels and vault maps discovered:
D:1:      elethiomel_arrival_infinity_welcomes_careful_drivers, layout_rooms,
          serial_forest, infiniplex_forest_lined_4_way,
          infiniplex_forest_lined_room_, infiniplex_forest_side_room,
          infiniplex_forest_lined_room_2, infiniplex_forest_lined_3,
          infiniplex_forest_zigzag_2, infiniplex_forest_lined_4_way,
          hellmonk_ecumenical_altar_arch_garden
D:2:      layout_rooms, minmay_goblin_kobold_house, uniq_sigmund, uniq_natasha
D:3:      layout_basic, serial_shops, nicolae_shop_advertising_works
          [nicolae_subvault_shop_adworks], shop, nicolae_square_shop,
          nicolae_shop_statue_plus, nicolae_shop_hallway_plus,
          portal_sewer_entry_e, minmay_increasing_density, uniq_grinder,
          uniq_jessica, uniq_crazy_yiuf_cottage
D:4:      layout_basic, lemuel_doored_altar, grunt_ministairs_15, uniq_ijyb
D:5:      layout_layer_cave, minmay_temple_entry_stoned_glass
D:6:      layout_gridville, grunt_temple_overflow_open, uniq_maggie,
          uniq_eustachio, uniq_blork_the_orc
Temple:   eino_narrow_crystal_temple

Skill      XL: |  1  2  3  4  5  6  7  8  9 |
---------------+----------------------------+-----
Long Blades    | 2 3 4 5 6 |  6.0
Armour         | 4 5 6 7 |  7.7
Dodging        | 1 2 3 |  3.4
Shields        | 4 5 6 7 |  7.8
Fighting       | 4 5 |  5.8
Evocations     | 1 2 |  2.9
Invocations    | 1 2 |  2.9

Action                   |  1- 3 |  4- 6 |  7- 9 || total
-------------------------+-------+-------+-------++-------
Melee: Long sword        |    52 |   224 |   445 ||   721
Invok: Heroism           |       |       |     3 ||     3
Evoke: Wand              |       |       |     6 ||     6
  Use: Scroll            |     2 |     7 |     3 ||    12
       Potion            |     1 |     1 |     3 ||     5
Armor: Scale mail        |    25 |   101 |   300 ||   426
Dodge: Dodged            |    20 |    74 |   192 ||   286
Block: Kite shield       |    24 |   113 |   278 ||   415

Table legend: (Time is in decaauts)
 A = Elapsed time spent in this place.
 B = Non-inter-level travel time spent in this place.
 C = Inter-level travel time spent in this place.
 D = Time resting spent in this place.
 E = Time spent auto-exploring this place.
 F = Levels seen in this place.
 G = Mean time per level.
                   A        B        C        D        E       F      G
               +--------+--------+--------+--------+--------+-----+--------+
         Total |   8623 |   8343 |    280 |    152 |   6072 |   8 | 1077.9 |
       Dungeon |   7834 |   7563 |    271 |    152 |   5532 |   6 | 1305.7 |
        Temple |    269 |    260 |      9 |      0 |    227 |   1 |  269.0 |
         Sewer |    519 |    519 |      0 |      0 |    313 |   1 |  519.0 |
               +--------+--------+--------+--------+--------+-----+--------+

Top non-repeatable levels by time:
     D:5: 1730 daAuts
     D:3: 1651 daAuts
     D:1: 1277 daAuts
     D:4: 1261 daAuts
     D:6: 1104 daAuts
     D:2: 808 daAuts
   Sewer: 519 daAuts
  Temple: 269 daAuts
